 Dungeon Crawl Stone Soup version 0.32-a0-685-g93135e86f0 (webtiles) character file.

Game seed: 15853067124008922437

3791 hikkokomori the Slicer (level 10, -1/79 HPs)
             Began as a Coglin Berserker on Mar 12, 2024.
             Was a Believer of Trog.
             Slain by a hornet (3 damage)
             ... on level 9 of the Dungeon.
             The game lasted 00:15:32 (8179 turns).

hikkokomori the Slicer (Coglin Berserker)           Turns: 8179, Time: 00:15:33

Health: -1/79      AC: 11    Str: 20    XL:     10   Next: 16%
Magic:  10/10      EV: 11    Int:  7    God:    Trog [**....]
Gold:   483        SH:  0    Dex: 15    Spells: 9/9 levels left

rFire   . . .        a - +0 short sword {Ingwe}
rCold   . . .        A - +2 spear (flame) {Hoiphich}
rNeg    . . .        M - +0 swamp dragon scales
rPois   +            E - +0 helmet
rElec   .            F - +0 cloak
rCorr   .            r - +0 pair of gloves of the Unseen Realm {+Blink +Inv}
SInv    .            j - +0 pair of boots
Will    .....        (amulet unavailable)
Stlth   +            (ring unavailable)
HPRegen 0.33/turn    (ring unavailable)
MPRegen 0.12/turn    (no gizmo)

%: no passive effects
@: on berserk cooldown, slowed, revved, very slow
A: off-hand wielding, slow wielding, warmup strikes, no jewellery
a: Invent Gizmo, Renounce Religion, Evoke Blink, Evoke Invisibility, Berserk,
Trog's Hand


You were on level 9 of the Dungeon.
You worshipped Trog.
Trog was pleased with you.
You visited 1 branch of the dungeon, and saw 9 of its levels.

You collected 483 gold pieces.

Inventory:

Hand Weapons
 a - a +0 short sword (weapon) {Ingwe}
 c - a +0 dagger {Servia}
 m - a +3 spear
 A - a +2 spear of flaming (offhand) {Hoiphich}
 L - a +1 heavy war axe
Missiles
 d - 5 poisoned darts (quivered)
 q - 4 boomerangs
 v - a throwing net
Armour
 b - a +0 animal skin
 g - a +0 ring mail
 j - a +0 pair of boots (worn)
 l - a scarf of invisibility
 p - a +0 pair of gloves
 r - the +0 pair of gloves of the Unseen Realm (worn) {+Blink +Inv}
   (You found it on level 4 of the Dungeon)

   +Inv:      It lets you turn invisible.
   +Blink:    It lets you blink.
 E - a +0 helmet (worn)
 F - a +0 cloak (worn)
 H - the +2 leather armour of the Little Devil {Int+2}
   (You found it on level 7 of the Dungeon)

   Int+2:     It affects your intelligence (+2).
 M - +0 swamp dragon scales (worn)
Wands
 K - a wand of iceblast (5)
Scrolls
 h - 9 scrolls of teleportation
 i - 9 scrolls of identify {unknown}
 k - 4 scrolls of poison {unknown}
 t - a scroll of fear {unknown}
 w - a scroll of vulnerability {unknown}
 y - a scroll of blinking {unknown}
 B - 2 scrolls of torment {unknown}
 C - 2 scrolls of amnesia {unknown}
 D - 3 scrolls of immolation {unknown}
 G - a scroll of brand weapon {unknown}
 J - a scroll of enchant armour {unknown}
Potions
 e - 2 potions of berserk rage {unknown}
 f - 3 potions of magic {unknown}
 n - 3 potions of curing
 o - 3 potions of might {unknown}
 s - 2 potions of haste {unknown}
 u - 4 potions of heal wounds {unknown}
 x - 3 potions of lignification {unknown}
 z - 2 potions of resistance {unknown}
 I - 3 potions of enlightenment {unknown}


   Skills:
 + Level 7.3 Fighting
 - Level 12.2 Short Blades
 - Level 1.7 Armour
 - Level 1.7 Dodging
 + Level 1.6 Stealth
 + Level 10.3 Evocations


You had 9 spell levels left.
You didn't know any spells.
Your spell library was empty.

Dungeon Overview and Level Annotations

Branches:
Dungeon (9/15)             Temple (0/1) D:6            Lair (0/5) D:8
    Orc: D:9-12

Altars:
Elyvilon
Gozag
Kikubaaqudgha
Zin

Shops:
D:1 =   D:2 ((([   D:5 :

Annotations:
D:9 3 runed translucent doors


Innate Abilities, Weirdness & Mutations

You can wield a second weapon in your off-hand.
It takes a long time for you to wield or remove held weapons.
Your first few attacks do less damage.
You cannot equip rings or amulets.


Message History

a +0 club; 3 stones
Found 30 gold pieces.
You feel a strong urge to attack something.
You are no longer berserk.
You are exhausted.
You feel yourself slow down.
The hornet buzzes angrily.
The hornet stings you but does no damage.
The hornet closely misses you.
The hornet stings you but does no damage.
You see here a +0 trident.
You hit the hornet but do no damage. x2
The hornet stings you but does no damage. x2
You hit the hornet but do no damage.
You closely miss the hornet with your +2 spear of flaming.
The hornet misses you.
You hit the hornet but do no damage.
You hit the hornet with your +2 spear of flaming.
You burn the hornet. The hornet stings you! x2
You feel as though you will be slow longer.
You hit the hornet but do no damage.
The hornet is lightly wounded.
You barely miss the hornet with your +2 spear of flaming.
The hornet stings you. x2
You hit the hornet with your +0 short sword.
The hornet is lightly wounded.
You closely miss the hornet with your +2 spear of flaming.
The hornet stings you!
* * * LOW HITPOINT WARNING * * *
You feel as though you will be slow longer.
The hornet stings you but does no damage.
You hit the hornet with your +2 spear of flaming.
You burn the hornet.
The hornet is moderately wounded.
You barely miss the hornet with your +0 short sword.
The hornet stings you!
* * * LOW HITPOINT WARNING * * *
You feel as though you will be slow longer.
The hornet stings you.
You die...

..##...[.....
................. ##
#..............# ..
#........#.#...#
.###......##.....
........##....#
#.##.).###...#
##.###)).#....##..##
#.<...#.....@y.....#
#.......)...#....###..
######......##...#
##....###...# $$#...##
##...# $.$+....# .....
ß_$+.....# ##.#.#
$$.+.....# .##.


You could see a hornet.

Vanquished Creatures
  A two-headed ogre (D:8)
  Maggie (D:8)
  Grinder (D:4)
  A hornet (D:8)
  3 steam dragons (D:8)
  Menkaure (D:7)
  2 water moccasins
  An orc warrior (D:8)
  An ice beast (D:5)
  An ogre (D:6)
  A phantom (D:7)
  A kobold brigand (D:9)
  Blork the orc (D:4)
  4 bullfrogs
  A scorpion (D:4)
  A gnoll sergeant (D:5)
  2 howler monkeys
  2 bombardier beetles
  Crazy Yiuf (D:6)
  2 jellies
  5 orc priests
  A gnoll bouda (D:5)
  2 hounds (D:5)
  4 iguanas
  Natasha (twice) (D:3)
  4 orc wizards
  14 gnolls
  10 adders
  A shadow imp (D:8)
  A white imp (D:7)
  2 dart slugs
  19 orcs
  2 bats
  4 endoplasms
  6 giant cockroaches
  10 goblins
  5 hobgoblins
  4 jackals (D:2)
  8 ball pythons
  2 frilled lizards
  13 kobolds
  3 rats
151 creatures vanquished.

Vanquished Creatures (others)
  An orc (D:8)
1 creature vanquished.

Grand Total: 152 creatures vanquished

Notes
Turn   | Place    | Note
-------+----------+-------------------------------------------
     0 | D:1      | hikkokomori the Coglin Berserker began the quest for the
                  | Orb.
     0 | D:1      | Reached XP level 1. HP: 18/18 MP: 1/1
   149 | D:1      | Reached skill level 3 in Short Blades
   149 | D:1      | Reached XP level 2. HP: 23/24 MP: 2/2
   244 | D:1      | Found Baawujof's Jewellery Shop.
   952 | D:2      | Reached XP level 3. HP: 12/30 MP: 3/3
  1047 | D:2      | Found a white marble altar of Elyvilon.
  1255 | D:2      | Reached ** piety under Trog
  1271 | D:2      | Found Nehureg's Antique Weapon Emporium.
  1318 | D:2      | Reached XP level 4. HP: 35/37 MP: 4/4
  1405 | D:2      | Found Voasiegi's Weapon Shoppe.
  1436 | D:2      | Found Ciefirix's Antique Armour Boutique.
  1487 | D:2      | Found Hudduptuig's Weapon Boutique.
  1766 | D:3      | Reached skill level 4 in Short Blades
  1953 | D:3      | Reached XP level 5. HP: 42/43 MP: 5/5
  2532 | D:3      | Noticed Natasha
  2539 | D:3      | Killed Natasha
  2648 | D:3      | Noticed Natasha
  2661 | D:3      | Killed Natasha
  2662 | D:3      | Reached skill level 5 in Fighting
  2662 | D:3      | Reached XP level 6. HP: 50/51 MP: 6/6
  2794 | D:4      | Noticed Grinder
  2798 | D:4      | Identified the +0 pair of gloves of the Unseen Realm
                  | {+Blink +Inv}
  2805 | D:4      | Killed Grinder
  2806 | D:4      | Reached skill level 6 in Short Blades
  2819 | D:4      | Found an ancient bone altar of Kikubaaqudgha.
  2827 | D:4      | Reached XP level 7. HP: 57/57 MP: 7/7
  2910 | D:4      | Found a glowing silver altar of Zin.
  3152 | D:4      | Noticed Blork the orc
  3171 | D:4      | Killed Blork the orc
  3562 | D:5      | Entered Level 5 of the Dungeon
  3572 | D:5      | Reached skill level 7 in Short Blades
  3745 | D:5      | Reached skill level 1 in Evocations
  3837 | D:5      | Reached XP level 8. HP: 40/65 MP: 8/8
  3918 | D:5      | Found Qihiog's Self-Published Books.
  4215 | D:5      | Reached skill level 8 in Short Blades
  4557 | D:6      | Found a staircase to the Ecumenical Temple.
  5160 | D:6      | Found a runed translucent door.
  5161 | D:6      | Noticed Crazy Yiuf
  5166 | D:6      | Killed Crazy Yiuf
  5268 | D:7      | Reached skill level 5 in Evocations
  5356 | D:7      | Identified the +2 leather armour of the Little Devil
                  | {Int+2}
  5468 | D:7      | Noticed Menkaure
  5471 | D:7      | Reached skill level 9 in Short Blades
  5479 | D:7      | Killed Menkaure
  6132 | D:7      | Reached XP level 9. HP: 68/72 MP: 9/9
  6746 | D:8      | Noticed Maggie
  6756 | D:8      | Killed Maggie
  6757 | D:8      | Reached skill level 10 in Short Blades
  7075 | D:8      | Reached skill level 11 in Short Blades
  7118 | D:8      | Found a staircase to the Lair.
  7362 | D:8      | Noticed a two-headed ogre
  7362 | D:8      | Noticed a hornet
  7375 | D:8      | Killed a hornet
  7381 | D:8      | Killed a two-headed ogre
  7382 | D:8      | Reached skill level 12 in Short Blades
  7382 | D:8      | Reached skill level 10 in Evocations
  7382 | D:8      | Reached XP level 10. HP: 61/79 MP: 10/10
  7712 | D:8      | Reached skill level 1 in Stealth
  8148 | D:9      | Found a runed translucent gate.
  8148 | D:9      | Found a runed translucent gate.
  8148 | D:9      | Found a runed translucent gate.
  8150 | D:9      | Found an opulent altar of Gozag.
  8179 | D:9      | HP: 2/79 [hornet (13)]
  8179 | D:9      | Slain by a hornet

Illustrated notes

Levels and vault maps discovered:
D:1:      eino_arrival_cavern_d, layout_basic, serial_shops,
          nicolae_shop_window_shopping, hex_medium
D:2:      layout_loops_cross, serial_shops, shop, shop, shop, shop, basic_altar
D:3:      layout_loops_corners, item_on_display_a, uniq_natasha
D:4:      layout_rooms, zin_scriptorium, kiku_gazebo_pond_becter, uniq_grinder,
          uniq_blork_the_orc
D:5:      layout_gridville, nicolae_custom_books, grunt_decor_junction
D:6:      layout_rooms, minmay_temple_entry_statues_pillars,
          uniq_crazy_yiuf_cottage
D:7:      layout_basic, uniq_menkaure
D:8:      layout_cave_pods, lair_entry_dummy, uniq_maggie
D:9:      layout_cave_pools, gammafunk_temple_overflow_pools,
          ebering_ghost_gozag, serial_shops, shop

Skill      XL: |  1  2  3  4  5  6  7  8  9 10 |
---------------+-------------------------------+-----
Short Blades   | 3 4 6 7 9 12 | 12.2
Fighting       | 4 5 6 7 |  7.3
Evocations     | 1 6 10 | 10.3
Stealth        | 1 |  1.6
Armour         | |  1.7
Dodging        | |  1.7

Action                     |  1- 3 |  4- 6 |  7- 9 | 10-12 || total
---------------------------+-------+-------+-------+-------++-------
  Melee: Short sword       |    97 |   120 |   325 |    50 ||   592
         Dagger            |    89 |   114 |   193 |       ||   396
         Spear             |       |       |   161 |    58 ||   219
 Invoke: Berserk           |       |     3 |    10 |     2 ||    15
         Trog's Hand       |       |     1 |     1 |       ||     2
    Use: Scroll            |     1 |       |       |       ||     1
         Potion            |       |       |     1 |       ||     1
 Armour: Animal skin       |    11 |       |       |       ||    11
         Ring mail         |    61 |    72 |   103 |       ||   236
         Leather armour    |       |       |    23 |       ||    23
         Swamp dragon scal |       |       |    63 |    65 ||   128
         Skin              |       |       |     2 |       ||     2
  Dodge: Dodged            |    70 |    51 |   105 |    26 ||   252

Table legend: (Time is in decaauts)
 A = Elapsed time spent in this place.
 B = Non-inter-level travel time spent in this place.
 C = Inter-level travel time spent in this place.
 D = Time resting spent in this place.
 E = Time spent auto-exploring this place.
 F = Levels seen in this place.
 G = Mean time per level.
                   A        B        C        D        E       F      G
               +--------+--------+--------+--------+--------+-----+--------+
         Total |   8179 |   7954 |    225 |    176 |   6407 |   9 |  908.8 |
       Dungeon |   8179 |   7954 |    225 |    176 |   6407 |   9 |  908.8 |
               +--------+--------+--------+--------+--------+-----+--------+

Top non-repeatable levels by time:
     D:7: 1602 daAuts
     D:8: 1330 daAuts
     D:3: 1176 daAuts
     D:5: 974 daAuts
     D:1: 875 daAuts
     D:4: 790 daAuts
     D:2: 718 daAuts
     D:6: 676 daAuts
     D:9: 34 daAuts
